[Event "Live Chess"]
[Site "Chess.com"]
[Date "2024.06.02"]
[Round "-"]
[White "Colm_Buckley"]
[Black "Victor_Bondar"]
[Result "1-0"]
[WhiteElo "1875"]
[BlackElo "1460"]
[TimeControl "300"]
[EndTime "4:58:48 PDT"]
[Termination "Colm_Buckley won by resignation"]

1. d4 Nf6 2. c4 e5 3. dxe5 Ng4 4.
Nf3 Nc6 5. Nc3 Bb4 6. Qc2 Ngxe5 7. Nxe5 Nxe5 8. b3 O-O 9. Bb2 d6 10. g3 b6 11. Bg2 Rb8 12. O-O Bxc3 13. Qxc3 Bb7 14. Bxb7 Rxb7 15. f4 f6 16. fxe5 dxe5 17. Rad1 Qe7 18. Rd5 c5 19. Rfd1 Rbb8 20. Qd3 e4 21. Qd2 a5 22. Rd7 Qe6 23. Qd5 Qxd5 24. R1xd5 Rf7 25. a3 g6 26. Kf2 f5 27. Ke3 Kf8 28.
Kf4 h6 29. Rxf7+ Kxf7 30. Ke5 Re8+ 31. Kd6 Re7 32. Kc6 Re6+ 33. Rd6 g5 34. Rxe6 Kxe6 35. Kxb6 f4 36. gxf4 gxf4 37. Kxc5 h5 38. Bd4 h4 39. b4 axb4 40. axb4 Ke7 41. Kd5 Kd7 42. Kxe4 1-0

[Event "Live Chess"]
[Site "Chess.com"]
[Date "2024.06.02"]
[Round "-"]
[White "JanMur7"]
[Black "Zhevzh1k7"]
[Result "1-0"]
[WhiteElo "2291"]
[BlackElo "1112"]
[TimeControl "300"]
[EndTime "4:59:07 PDT"]
[Termination "JanMur7 won by checkmate"]

1. c4 d5 2. cxd5 Qxd5 3. Nc3 Qd8 4. Nf3 Nc6 5. d4 Bf5 6. d5 Nb8 7. e4 Bg6 8. h4 h6 9. Ne5 Nf6 10. Nxg6 fxg6 11. e5 Nfd7 12. f4 c6 13. Bd3 cxd5 14. Bxg6# 1-0

[Event "Live Chess"]
[Site "Chess.com"]
[Date "2024.06.02"]
[Round "-"]
[White "road2gm5000"]
[Black "StoreySniper"]
[Result "0-1"]
[WhiteElo "1115"]
[BlackElo "2497"]
[TimeControl "300"]
[EndTime "4:59:09 PDT"]
[Termination "StoreySniper won by resignation"]

1. e4 d5 2. exd5 Nf6 3. Nf3 c6 4. dxc6 Nxc6 5. d4 Bg4 6. c3 e5 7. Be3 exd4 8. Bxd4 Nxd4 9. Qxd4 Bxf3 10. Qxd8+ Rxd8 11.
gxf3 Bd6 12. Bg2 O-O 13. O-O Bf4 14. Na3 a6 15. Rfd1 b5 16. h3 Nd5 17. Rd4 Be5 18.
Re4 Bf6 19. Rd1 Nb6 20. Ree1 Na4 21. b3 Nxc3 22. Kh1 Rxd1 0-1

[Event "Live Chess"]
[Site "Chess.com"]
[Date "2024.06.02"]
[Round "-"]
[White "ACM42"]
[Black "wadsy27"]
[Result "1-0"]
[WhiteElo "2200"]
[BlackElo "2581"]
[TimeControl "300"]
[EndTime "4:59:11 PDT"]
[Termination "ACM42 won by resignation"]

1. e4 c5 2. Nf3 e6 3. d4 cxd4 4. Nxd4 Nc6 5. c4 Nf6 6. Nc3 Bb4 7. Nxc6 bxc6 8. e5 Ne4 9. Qd4 Qa5 10. Bd2 Nxd2 11. Kxd2 Bxc3+ 12. Qxc3 Qxc3+ 13. Kxc3 c5 14. Bd3 Bb7 15. f3 Bc6 16. Rhe1 Ke7 17. Be4 Rhc8 18. Rad1 a5 19. Re3 Ra7 20. h4 h6 21. g4 a4 22. h5 Rb7 23. Rd2 Rcc7 24. Rd6 Bxe4 25.
Rxe4 Rb4 26. Re2 f6 27. f4 fxe5 28. fxe5 Rb8 29. Rf2 Rg8 30. Ra6 g6 31. hxg6 Rxg6 32. Rf4 Rg5 33. Re4 Rc8 34. Rxa4 Rcg8 35. Ra5 Rxg4 36. Rxg4 Rxg4 37. Rxc5 h5 38. Rc8 Re4 39. b4 Rxe5 40. b5 Re3+ 41. Kb4 Re2 42. a4 Rb2+ 43.
Kc5 d6+ 44. Kb6 e5 45. a5 e4 46. a6 e3 47. a7 Ra2 48. a8=Q 1-0

[Event "Live Chess"]
[Site "Chess.com"]
[Date "2024.06.02"]
[Round "-"]
[White "booktrunk"]
[Black "TheSmoulderingMaster"]
[Result "1-0"]
[WhiteElo "1506"]
[BlackElo "1765"]
[TimeControl "300"]
[EndTime "4:59:35 PDT"]
[Termination "booktrunk won by resignation"]

1. d4 Nf6 2. Nc3 g6 3. a3 Bg7 4. Bf4 O-O 5. Nb5 Na6 6. e3 c6 7. Nc3 d5 8. Bxa6 bxa6 9. h4 Nh5 10. Bh2 Re8 11. Qd2 e5 12. dxe5 Bxe5 13. Bxe5 Rxe5 14. Nf3 Re8 15. O-O-O Bg4 16. Rde1 Rb8 17. Nd4 Qb6 18.
b3 Bd7 19. Na4 Qb7 20. Nc5 Qc7 21. Nxa6 Qd6 22. Nxb8 Qxa3+ 23. Kd1 Rxb8 24. Ke2 Re8 25. Ra1 Qd6 26. Rxa7 Nf4+ 27. Kf1 Nh5 28. Ra1 c5 29. Nf3 Qf6 30. Rd1 Bc6 31. Kg1 Rd8 32. Ng5 Ng7 33. Qe2 h6 34. Nf3 Qf5 35. Qd3 Qg4 36. Ne5 Qe6 37.
Nxc6 Qxc6 38. c4 d4 39. exd4 Rxd4 40. Qe2 Re4 41. Qf3 Nf5 42. Kf1 Qe6 43. Qd3 Rd4 44. Qe2 Re4 45. Qc2 Rf4 46. Kg1 Qf6 47. Rf1 Ng3 48.
fxg3 Rxf1+ 49. Kh2 Rf2 50. Qd3 Kh7 51. Rg1 Rb2 52. Rf1 Qb6 53. Rxf7+ Kh8 54. Qd7 1-0

[Event "Live Chess"]
[Site "Chess.com"]
[Date "2024.06.02"]
[Round "-"]
[White "upoe610"]
[Black "kylet1990"]
[Result "1-0"]
[WhiteElo "2134"]
[BlackElo "750"]
[TimeControl "300"]
[EndTime "4:59:39 PDT"]
[Termination "upoe610 won by resignation"]

1. c4 c5 2. g3 e5 3. Bg2 Nc6 4. Nc3 Nf6 5. Nf3 Bd6 6. d3 b6 7.
Bg5 h6 8. Bxf6 Qxf6 9. Nd5 Qd8 10. O-O Nb4 11. Nd2 Nxd5 12. Bxd5 Rb8 13. Ne4 Bc7 14. e3 O-O 15. Qh5 d6 16. f4 Be6 17.
Bxe6 fxe6 18. Qg6 exf4 19. Rxf4 Rxf4 20. gxf4 e5 21. Kf2 exf4 22. Rg1 Qd7 23. Nf6+ 1-0

[Event "Live Chess"]
[Site "Chess.com"]
[Date "2024.06.02"]
[Round "-"]
[White "Dhaydon19"]
[Black "MagnersCarlsberg2870"]
[Result "1-0"]
[WhiteElo "2637"]
[BlackElo "1770"]
[TimeControl "300"]
[EndTime "5:00:06 PDT"]
[Termination "Dhaydon19 won by resignation"]

1. d4 e5 2. Nf3 exd4 3. Nxd4 Bc5 4. g3 Qf6 5. Nf3 Nc6 6. Bg2 Ne5 7. O-O d6 8. Nc3 c6 9. Ne4 Qe7 10. Nxe5 dxe5 11. Nxc5 Qxc5 12. Be3 Qe7 13. c4 Nf6 14.
h3 O-O 15. Qc2 Rd8 16. Rad1 Be6 17. Qc3 e4 18. Bg5 h6 19. Be3 Rd7 20. Rxd7 Qxd7 21. g4 Rd8 22. b3 Nxg4 23. hxg4 Bxg4 24. Re1 Bh3 25. Qe5 Bxg2 26. Kxg2 Qg4+ 27. Qg3 1-0

[Event "Live Chess"]
[Site "Chess.com"]
[Date "2024.06.02"]
[Round "-"]
[White "FlyingChessKestrel13"]
[Black "KeithArkell"]
[Result "0-1"]
[WhiteElo "2076"]
[BlackElo "2430"]
[TimeControl "300"]
[EndTime "5:00:12 PDT"]
[Termination "KeithArkell won by resignation"]

1. e4 c6 2. d4 d5 3. Nc3 dxe4 4.
Nxe4 Nd7 5. Nf3 Ngf6 6. Ng3 c5 7. d5 Nb6 8. c4 e6 9. dxe6 Qxd1+ 10.
Kxd1 Bxe6 11. b3 O-O-O+ 12. Bd2 Ng4 13. Ke1 Be7 14. h3 Bf6 15. Rd1 Ne5 16. Be2 Nd3+ 17. Kf1 Rhe8 18. Ba5 Nf4 19. Rxd8+ Rxd8 20. Ne4 Be7 21. g3 Nxe2 22. Kxe2 h6 23. g4 f5 24. gxf5 Bxf5 25. Ng3 Bd3+ 26. Ke3 Bc2 27. Rc1 Bh7 28. Re1 Bf6 29. Nh5 Bb2 30. Kf4 Rf8+ 31. Kg3 Nd7 32. Re7 b6 33. Bd2 Kd8 34. Re1 Rf5 35. Nf4 Ne5 36. Nh4 Rg5+ 37. Kh2 Kd7 38. Nd5 Rh5 39. Kg3 Rxh4 40. Kxh4 Nf3+ 41. Kg3 Nxe1 42. Bxe1 Bb1 43. a3 Bxa3 44. Bc3 g5 45. f4 gxf4+ 46. Kxf4 Ba2 47. Ne3 Bxb3 48. Ke4 Bc1 0-1

[Event "Live Chess"]
[Site "Chess.com"]
[Date "2024.06.02"]
[Round "-"]
[White "raclement"]
[Black "PureDashingOctopus"]
[Result "0-1"]
[WhiteElo "1723"]
[BlackElo "2280"]
[TimeControl "300"]
[EndTime "5:00:54 PDT"]
[Termination "PureDashingOctopus won by resignation"]

1. Nf3 c5 2. g3 d5 3. Bg2 g6 4. c4 Nf6 5. cxd5 Nxd5 6. O-O Bg7 7. Nc3 Nxc3 8. dxc3 Qxd1 9. Rxd1 Nc6 10. Be3 c4 11. Nd4 Nxd4 12. Bxd4 O-O 13. Bxg7 Kxg7 14. Rd2 Rb8 15.
Rad1 Be6 16. e3 b5 17. Rd4 b4 18. cxb4 Rxb4 19. R1d2 Rfb8 20. Bf1 Rxb2 21. Rxb2 Rxb2 22.
Bxc4 Bxc4 23. Rxc4 Rxa2 24. Rc7 Kf6 25. Kg2 a5 26.
Ra7 a4 27. h4 h5 28. Kf3 a3 29. Ra6+ e6 30. Ra7 Ra1 31. Ra6 Ke5 32. Ra5+ Kd6 33. Ra7 f5 34. Ra6+ Ke5 35. Ra5+ Kd6 36. Ra6+ Kd5 37. Ra5+ Kc4 38. Ra6 Kb3 39. Rxe6 Rc1 40. Rb6+ Ka2 41. Rxg6 Rc2 42. Rg5 Kb1 43. Rxf5 a2 44.
Ra5 a1=Q 45. Rxa1+ Kxa1 46. e4 Kb2 47. g4 Kc3 48. g5 Kd4 49. g6 Ke5 50. g7 Rc8 51.
Ke3 Rg8 52. f4+ Kf6 53. Kd4 Rxg7 54. e5+ Kf5 55. Kd5 Rd7+ 56. Kc6 Rd1 0-1

[Event "Live Chess"]
[Site "Chess.com"]
[Date "2024.06.02"]
[Round "-"]
[White "GwaryTek"]
[Black "KyryloPoluliakh"]
[Result "1/2-1/2"]
[WhiteElo "1834"]
[BlackElo "1535"]
[TimeControl "300"]
[EndTime "5:00:58 PDT"]
[Termination "Game drawn by repetition"]

1. d4 Nf6 2. c4 g6 3. Nc3 Bg7 4. e4 d6 5. f3 O-O 6. Bg5 Nc6 7.
d5 Ne5 8. h3 e6 9. f4 Ned7 10.
Nf3 Qe8 11. Be2 exd5 12. exd5 Ne4 13. O-O Nxc3 14. bxc3 Bxc3 15. Rc1 Bg7 16. Bd3 f6 17. Bh4 Qf7 18. Re1 Nc5 19. Bf2 Nxd3 20. Qxd3 Bf5 21. Qb3 b6 22. Nd4 Bd7 23. f5 gxf5 24. Qf3 Rfe8 25.
Nxf5 Bxf5 26. Qxf5 Rxe1+ 27. Rxe1 Re8 28. Rxe8+ Qxe8 29. Bd4 Qf7 30. Qc8+ Bf8 31. Qf5 Kg7 32. g4 Be7 33.
Kg2 Qg6 34. Qe6 Qc2+ 35. Kg3 Qd3+ 36. Be3 Kf8 37. Kh4 f5+ 38. Kh5 fxg4 39. Bh6+ Ke8 40. Qc8+ Kf7 41. Qe6+ Ke8 42. Qc8+ Bd8 43. Qe6+ Be7 1/2-1/2

[Event "Live Chess"]
[Site "Chess.com"]
[Date "2024.06.02"]
[Round "-"]
[White "TheSmoulderingMaster"]
[Black "Duke_of_Bebington"]
[Result "1-0"]
[WhiteElo "1770"]
[BlackElo "1628"]
[TimeControl "300"]
[EndTime "5:01:10 PDT"]
[Termination "TheSmoulderingMaster won by resignation"]

1. e4 e5 2. Nf3 Nf6 3. Bc4 Nc6 4.
O-O d6 5. c3 Nxe4 6. d4 d5 7. Bb3 Bd6 8. dxe5 Bxe5 9. Bxd5 Nf6 10. Bxc6+ bxc6 11. Qxd8+ Kxd8 12. Nxe5 Ke7 13. Nxc6+ Kd6 14.
Nd4 Bb7 15. Bf4+ 1-0

[Event "Live Chess"]
[Site "Chess.com"]
[Date "2024.06.02"]
[Round "-"]
[White "kylet1990"]
[Black "Ninifu"]
[Result "0-1"]
[WhiteElo "750"]
[BlackElo "2010"]
[TimeControl "300"]
[EndTime "5:01:22 PDT"]
[Termination "Ninifu won by resignation"]

1. e4 d5 2. exd5 Nf6 3. Nf3 Bg4 4. h3 Bxf3 5. Qxf3 Qxd5 6. Qxd5 Nxd5 7. d4 Nb4 8. Na3 N8c6 9. c3 Nd5 10. c4 Ndb4 11. d5 Nd4 12. g4 Nbc2+ 13. Nxc2 Nxc2+ 14. Ke2 Nxa1 15. Kf3 Nc2 0-1

[Event "Live Chess"]
[Site "Chess.com"]
[Date "2024.06.02"]
[Round "-"]
[White "blunderabit"]
[Black "yarek"]
[Result "0-1"]
[WhiteElo "1765"]
[BlackElo "1759"]
[TimeControl "300"]
[EndTime "5:01:31 PDT"]
[Termination "yarek won on time"]

1. e4 g6 2. Nc3 Bg7 3. d4 c6 4. Nf3 d5 5. h3 dxe4 6. Nxe4 Nf6 7. Bd3 Nbd7 8. O-O Nxe4 9. Bxe4 Nf6 10. Bd3 O-O 11. Re1 Qc7 12. Qe2 Be6 13. Ng5 Bd5 14. Qxe7 Qa5 15. b4 Qb6 16. Be3 Rfe8 17. Qc5 Qc7 18.
h4 h6 19. Nh3 Ng4 20. Bf4 Qd8 21. Rxe8+ Qxe8 22. Kf1 Qd8 23. Re1 Qxh4 24. Bg3 Qf6 25. c3 b6 26. Qe7 Bxa2 27. Qxf6 Nxf6 28. Re7 Nd5 29. Rd7 Nxc3 30. Be5 Bxe5 31. dxe5 Bd5 32. Nf4 a5 33. e6 fxe6 34. Nxg6 a4 35. Ne7+ Kf8 36.
Ng6+ Ke8 37. Re7+ Kd8 38. Rh7 Rc8 0-1

[Event "Live Chess"]
[Site "Chess.com"]
[Date "2024.06.02"]
[Round "-"]
[White "NeilDruggan73"]
[Black "jimwad"]
[Result "1-0"]
[WhiteElo "1709"]
[BlackElo "1302"]
[TimeControl "300"]
[EndTime "5:01:31 PDT"]
[Termination "NeilDruggan73 won by resignation"]

1. d4 d5 2. Bg5 Nf6 3. Bxf6 exf6 4. e3 Be6 5. g3 Nc6 6. Ne2 Be7 7. Bg2 O-O 8. Nd2 Bb4 9. c3 Ba5 10. O-O Bb6 11. b3 Ne7 12. Rc1 c6 13. c4 dxc4 14. bxc4 Bc7 15. Rb1 b6 16. Qa4 Bd7 17. Qc2 Rc8 18.
Rfd1 Bf5 19. e4 Be6 20. f4 f5 21. e5 c5 22. d5 Bd7 23. d6 Bxd6 24. exd6 Ng6 25.
Nc3 Be6 26. Qd3 Qd7 27. Nf3 Rcd8 28. Ne5 Nxe5 29. fxe5 f6 30. Re1 fxe5 31. Rxe5 Rf6 32. Nb5 a6 33. Nc3 Qxd6 34. Qxd6 Rxd6 35. Bd5 Bxd5 36. Nxd5 Rfe6 37. Rbe1 Rxe5 38. Rxe5 g6 39. h4 Kg7 40. Kf2 b5 41. cxb5 axb5 42. Nc7 Kf6 43.
Rxc5 Rd2+ 44. Ke3 Rxa2 45. Rxb5 Ra3+ 46. Kf2 Rc3 47. Nd5+ 1-0

[Event "Live Chess"]
[Site "Chess.com"]
[Date "2024.06.02"]
[Round "-"]
[White "LL220284LL"]
[Black "defenderalist"]
[Result "1-0"]
[WhiteElo "2500"]
[BlackElo "1549"]
[TimeControl "300"]
[EndTime "5:01:42 PDT"]
[Termination "LL220284LL won by checkmate"]

1. g3 d5 2. Bg2 e5 3. b3 c6 4. Bb2 Bd6 5. d3 Be6 6. Nf3 Qd7 7. Ng5 Bg4 8. h3 Bh5 9. g4 Bg6 10. Nd2 f6 11. Ngf3 h5 12. Nh4 Bf7 13. e3 g5 14. Nf5 Be6 15. Nxd6+ Qxd6 16. gxh5 Nd7 17. Qe2 a5 18. a4 b5 19. axb5 cxb5 20. c4 bxc4 21.
bxc4 dxc4 22. Bxa8 cxd3 23. Qf3 f5 24. Qc6 Qb4 25. Ba3 Qh4 26. Qxe6+ Ne7 27. Qxe7# 1-0

[Event "Live Chess"]
[Site "Chess.com"]
[Date "2024.06.02"]
[Round "-"]
[White "nigelst"]
[Black "Pandreq"]
[Result "1-0"]
[WhiteElo "1735"]
[BlackElo "1233"]
[TimeControl "300"]
[EndTime "5:02:19 PDT"]
[Termination "nigelst won on time"]

1. e4 Nf6 2. e5 Nd5 3. d4 c6 4.
c4 Nb6 5. Nc3 e6 6. f4 d5 7. c5 N6d7 8. Nf3 b6 9. b4 a5 10. Ba3 axb4 11. Bxb4 bxc5 12. Bxc5 Nxc5 13. dxc5 Bxc5 14. Bd3 Bb4 15. Qb3 Qa5 16. Rc1 O-O 17. O-O Bxc3 18. Rxc3 Bd7 19. a3 Rc8 20. Rfc1 c5 21. Qb2 c4 22. Bb1 Nc6 23. Qc2 Ne7 24. Qxh7+ Kf8 25. Qh8+ Ng8 26. Bh7 Ke7 27. Qxg7 Qd8 28.
Bxg8 Qxg8 29. Qf6+ Ke8 30. Ng5 Bc6 31. Rh3 Qg6 32.
Rh8+ Kd7 33. Rxc8 Rxc8 34. Qxf7+ Qxf7 35. Nxf7 Ra8 36. Rc3 Ba4 37. Nd6 Bb3 38. Rh3 Rxa3 39.
Rh7+ Kc6 40. Rh8 c3 41. Rc8+ Kd7 42. Rxc3 d4 43. Rd3 Ra1+ 44. Kf2 Bd5 45. Rxd4 Ra3 46.
Nb5 Rb3 47. Nd6 Rb2+ 48. Ke3 Rxg2 49. Nc4 Rxh2 50. Nb6+ 1-0

[Event "Live Chess"]
[Site "Chess.com"]
[Date "2024.06.02"]
[Round "-"]
[White "IgorSchukin"]
[Black "slava_ukr"]
[Result "0-1"]
[WhiteElo "1767"]
[BlackElo "2373"]
[TimeControl "300"]
[EndTime "5:02:49 PDT"]
[Termination "slava_ukr won by checkmate"]

1. e4 d5 2. exd5 c6 3. dxc6 Nxc6 4. g3 Nf6 5. Bg2 e5 6. Ne2 Bc5 7. O-O O-O 8. c3 Bf5 9. d4 exd4 10. Bxc6 bxc6 11. Nxd4 Bh3 12. Re1 Qd5 13. Qf3 Bxd4 14. Qxd5 Bxf2+ 15. Kxf2 cxd5 16. Nd2 Rae8 17. Rxe8 Rxe8 18.
b3 Ng4+ 19. Kf3 Re3+ 20. Kf4 h6 21. Nc4 g5+ 22. Kf5 Rf3+ 23. Bf4 dxc4 24. Ke4 Rf1 25. Rxf1 Bxf1 26. Bb8 a6 27. h4 Kg7 28. hxg5 hxg5 29. Kd4 cxb3 30. axb3 Kg6 31. c4 Kf5 32. b4 Ke6 33. c5 Bb5 34. Bc7 f5 35. Bb8 Nf6 36. Ke3 Nd5+ 37. Kf3 Nxb4 38. g4 a5 39.
gxf5+ Kxf5 40. Ke3 a4 41. Kd2 g4 42. Kc3 Nc6 43. Bc7 Ke4 44. Kb2 Kf3 45. Ka3 g3 46. Bxg3 Kxg3 47. Kb2 Kf3 48. Kc3 Ke4 49. Kc2 Kd5 50. Kc3 Kxc5 51. Kb2 Kb4 52. Ka2 a3 53. Ka1 Kb3 54. Kb1 Nd4 55. Ka1 Be8 56. Kb1 a2+ 57. Ka1 Nc2# 0-1

[Event "Live Chess"]
[Site "Chess.com"]
[Date "2024.06.02"]
[Round "-"]
[White "degringolade64"]
[Black "TJ-W"]
[Result "1-0"]
[WhiteElo "2129"]
[BlackElo "1580"]
[TimeControl "300"]
[EndTime "5:03:01 PDT"]
[Termination "degringolade64 won on time"]

1. e4 e5 2. Nf3 Nc6 3. Bb5 a6 4. Ba4 Bc5 5. O-O Nf6 6. c3 b5 7. Bc2 Bb6 8. d4 d6 9. Bg5 h6 10. Bh4 g5 11. Bg3 Bg4 12. dxe5 Nxe5 13. Bxe5 dxe5 14.
Qxd8+ Rxd8 15. Nxe5 Bd7 16. Nd2 O-O 17. Rad1 Be6 18.
Nb3 Ng4 19. Nxg4 Bxg4 20. Rxd8 Rxd8 21. h3 Be6 22. Rd1 Rxd1+ 23. Bxd1 Kf8 24. Nd4 Bxa2 25. Nf5 Bb1 26. Bf3 h5 27. Kf1 f6 28. Ke2 Ba2 29.
Bxh5 Bc4+ 30. Ke1 Bd3 31. f3 Bc4 32. h4 Be6 33. hxg5 fxg5 34. Nd4 Ke7 35. Kd2 Bc4 36. Bg4 c5 37. Nf5+ Kf6 38. g3 Be6 39.
f4 gxf4 40. gxf4 Bxf5 41. Bxf5 Bc7 42. Ke3 b4 43. Bc8 a5 44. cxb4 cxb4 45. e5+ Bxe5 46. fxe5+ Kxe5 47. Kd3 Kd5 48. Kc2 Kc5 49. Kb3 a4+ 50.
Kxa4 1-0

[Event "Live Chess"]
[Site "Chess.com"]
[Date "2024.06.02"]
[Round "-"]
[White "friarnator"]
[Black "Tatarinov_Maxim"]
[Result "0-1"]
[WhiteElo "2200"]
[BlackElo "2294"]
[TimeControl "300"]
[EndTime "5:03:05 PDT"]
[Termination "Tatarinov_Maxim won by checkmate"]

1. d4 Nf6 2. Nc3 c5 3. e4 cxd4 4. Qxd4 Nc6 5. Qd3 d6 6. a3 g6 7. Bd2 Bg7 8. O-O-O O-O 9. f3 Be6 10. h4 h5 11. Nh3 a6 12. Nf4 Ne5 13. Qd4 Bd7 14.
Nfd5 Nxd5 15. Nxd5 Nxf3 16. Qxg7+ Kxg7 17. gxf3 Be6 18. Bc3+ Kg8 19. Nf4 Qd7 20. Rg1 Rfc8 21. Nxg6 fxg6 22.
Rxg6+ Kf7 23. Rg7+ Kf8 24. Rh7 Rxc3 25. bxc3 Rc8 26.
f4 Bg4 27. Rd5 Kg8 28. Rhxh5 Bxh5 29. Rxh5 Rxc3 30. Kd2 Qc7 31. Bd3 Rc5 32. f5 Qa5+ 33. Ke2 Qxa3 34. Rg5+ Kf7 35. h5 Qb2 36. h6 Rxc2+ 37.
Kf3 Rf2+ 38. Ke3 Qb6# 0-1

[Event "Live Chess"]
[Site "Chess.com"]
[Date "2024.06.02"]
[Round "-"]
[White "MagnersCarlsberg2870"]
[Black "upoe610"]
[Result "0-1"]
[WhiteElo "1768"]
[BlackElo "2136"]
[TimeControl "300"]
[EndTime "5:03:11 PDT"]
[Termination "upoe610 won by resignation"]

1. d4 Nf6 2. Nf3 c5 3. e3 g6 4. dxc5 Bg7 5. Bc4 O-O 6. O-O Qc7 7. b4 Ne4 8. c3 Nxc3 9. Nxc3 Bxc3 10. Bd2 Bxa1 11. Qxa1 d6 12. e4 Rd8 13. Bh6 e5 14. Rd1 Bg4 15. cxd6 Rxd6 16. Nxe5 Rxd1+ 17. Qxd1 Bxd1 18. Bxf7+ Kh8 19. Bd5 Qxe5 0-1

[Event "Live Chess"]
[Site "Chess.com"]
[Date "2024.06.02"]
[Round "-"]
[White "RuslanChessN"]
[Black "Bradfield133"]
[Result "1-0"]
[WhiteElo "1919"]
[BlackElo "1836"]
[TimeControl "300"]
[EndTime "5:03:26 PDT"]
[Termination "RuslanChessN won by resignation"]

1. d4 d6 2. c4 f5 3. Nc3 Nf6 4.
Bg5 Nbd7 5. e3 e5 6. Bd3 h6 7.
Bh4 e4 8. Be2 Be7 9. Bh5+ Nxh5 10. Qxh5+ Kf8 11. Bg3 Qe8 12. Qxf5+ Nf6 13. Qa5 b6 14.
Qa3 Bb7 15. Nge2 g5 16. h4 Kg7 17. hxg5 hxg5 18. O-O-O Qf7 19. Qb3 Nh5 20. Rhf1 Bf6 21.
Kb1 Rae8 22. Nb5 a6 23. Nxc7 Qxc7 24. c5 bxc5 25. dxc5 dxc5 26. Bxc7 1-0

[Event "Live Chess"]
[Site "Chess.com"]
[Date "2024.06.02"]
[Round "-"]
[White "MaksymYurii"]
[Black "elis06"]
[Result "0-1"]
[WhiteElo "999"]
[BlackElo "2342"]
[TimeControl "300"]
[EndTime "5:03:36 PDT"]
[Termination "elis06 won by checkmate"]

1. e4 c6 2. Nf3 d5 3. e5 Bg4 4. Be2 e6 5. h3 Bxf3 6. Bxf3 Nd7 7. d4 c5 8. c3 Ne7 9. O-O Nc6 10. Bd2 cxd4 11.
cxd4 Nxd4 12. Bc3 Nxf3+ 13. Qxf3 Be7 14. Nd2 O-O 15. Nb3 Nc5 16. Bb4 Nxb3 17. Bxe7 Qxe7 18. Qxb3 Rac8 19. Qa3 Qxa3 20. bxa3 Rc3 21. Rab1 b6 22. Rb3 Rxb3 23. axb3 Rc8 24. Rb1 g6 25. b4 Rc3 26.
a4 Ra3 27. a5 bxa5 28. bxa5 Rxa5 29. Rb7 Ra1+ 30. Kh2 a5 31. Ra7 a4 32. Ra6 a3 33.
Ra4 Kg7 34. Kg3 Re1 35. Rxa3 Rxe5 36. f4 Re4 37. Rf3 d4 38. Rd3 Re3+ 39. Rxe3 dxe3 40. Kf3 Kf6 41. Kxe3 h5 42. h4 Kf5 43. Kf3 e5 44. fxe5 Kxe5 45. g3 f5 46. Ke3 Ke6 47. Kf4 Kf6 48. Kf3 g5 49. hxg5+ Kxg5 50. Kf2 Kg4 51. Kg2 Kg5 52. Kf3 Kg6 53. Kf4 Kf6 54. Kf3 Ke5 55. Ke3 Ke6 56. Kf4 Kf6 57. Kf3 Kg5 58. Kf2 h4 59. Kf3 h3 60.
Kf2 Kg4 61. Kg1 Kxg3 62. Kh1 f4 63. Kg1 Kf3 64. Kh2 Ke2 65. Kxh3 f3 66. Kg3 f2 67. Kh2 f1=Q 68. Kg3 Qf5 69. Kh2 Qg4 70. Kh1 Kf2 71.
Kh2 Qh5# 0-1

[Event "Live Chess"]
[Site "Chess.com"]
[Date "2024.06.02"]
[Round "-"]
[White "CarmelJane"]
[Black "Queensandpawns"]
[Result "0-1"]
[WhiteElo "2032"]
[BlackElo "2263"]
[TimeControl "300"]
[EndTime "5:04:02 PDT"]
[Termination "Queensandpawns won by resignation"]

1. Nf3 g5 2. Nxg5 e5 3. d4 e4 4.
Nxe4 d5 5. Ng3 h5 6. h4 Nf6 7.
Bg5 Be7 8. Nc3 c6 9. e3 Ng4 10. Bxe7 Qxe7 11. Qf3 Be6 12. O-O-O b5 13. Nce2 Qc7 14.
Nf4 Qa5 15. Kb1 Nd7 16. Qe2 O-O-O 17. f3 Ngf6 18. Nxe6 fxe6 19. Qd3 Rhg8 20. Ne2 e5 21. Qf5 e4 22. Nc1 Rdf8 23. Nb3 Qb6 24. Qh3 exf3 25. gxf3 Kb7 26. Bd3 a5 27. Bf5 Rd8 28. e4 dxe4 29. fxe4 a4 30. e5 Ng4 31. Bxd7 axb3 32. Bxg4 bxc2+ 33.
Kxc2 Rxg4 34. e6 Rgxd4 35. Qc3 Rc4 36. Qxc4 bxc4 37. e7 Qf2+ 38. Kb1 Qf5+ 39. Kc1 Qf4+ 40. Kb1 Qe4+ 41. Kc1 Rxd1+ 42. Rxd1 Qxe7 0-1

[Event "Live Chess"]
[Site "Chess.com"]
[Date "2024.06.02"]
[Round "-"]
[White "KyryloPoluliakh"]
[Black "TheSmoulderingMaster"]
[Result "0-1"]
[WhiteElo "1531"]
[BlackElo "1773"]
[TimeControl "300"]
[EndTime "5:04:13 PDT"]
[Termination "TheSmoulderingMaster won by checkmate"]

1. c4 e5 2. Nc3 Nf6 3. g3 Nc6 4.
Bg2 Bb4 5. e3 O-O 6. Nge2 d6 7. d4 exd4 8. exd4 Bg4 9. O-O Re8 10.
Be3 Bh5 11. a3 Bxc3 12. Nxc3 Bxd1 13. Raxd1 Ng4 14. Rfe1 Nxe3 15. fxe3 Ne7 16. b4 Nf5 17. Bxb7 Rb8 18. Bc6 Rxe3 19. Rxe3 Nxe3 20. Nd5 Nxc4 21. Rc1 Nxa3 22. Ba4 a5 23. Nxc7 Rxb4 24. Bd7 Qxd7 25.
Nb5 Nxb5 26. d5 Qf5 27. h4 Rb2 28. Kh1 Qxd5+ 29. Kg1 Qg2# 0-1

[Event "Live Chess"]
[Site "Chess.com"]
[Date "2024.06.02"]
[Round "-"]
[White "raclement"]
[Black "kylet1990"]
[Result "1-0"]
[WhiteElo "1723"]
[BlackElo "750"]
[TimeControl "300"]
[EndTime "5:04:25 PDT"]
[Termination "raclement won by resignation"]

1. Nf3 c6 2. g3 d5 3. Bg2 Bf5 4.
O-O Nf6 5. d3 e6 6. Nbd2 Bc5 7.
Re1 Ng4 8. d4 Bb6 9. h3 Nf6 10.
c3 Nbd7 11. Nf1 O-O 12. Bg5 h6 13. Bxf6 Nxf6 14. Ne5 Bc7 15. Nd3 Ne4 16. g4 Bg6 17. f3 Nf6 18. e4 Qd6 19. e5 Qe7 20. exf6 Qd6 21. Ne5 gxf6 22. Nxg6 Qh2+ 23. Nxh2 1-0

[Event "Live Chess"]
[Site "Chess.com"]
[Date "2024.06.02"]
[Round "-"]
[White "road2gm5000"]
[Black "Colm_Buckley"]
[Result "0-1"]
[WhiteElo "1115"]
[BlackElo "1875"]
[TimeControl "300"]
[EndTime "5:05:03 PDT"]
[Termination "Colm_Buckley won by resignation"]

1. e4 c6 2. d4 d5 3. exd5 cxd5 4.
Bd3 Nc6 5. c3 Nf6 6. Bg5 Ne4 7.
Bxe4 dxe4 8. Nd2 Bf5 9. Qe2 Qd5 10. f3 exf3 11. Ngxf3 e6 12. Ne5 Nxe5 13. Qxe5 Qxe5+ 14. dxe5 h6 15. Bf4 Bc5 16. O-O-O Ke7 17. Nb3 Bb6 18. Nd4 Be4 19. Rhg1 Rhd8 20. g3 Rac8 21. Rge1 Bg6 22. Nb3 Bh5 23. Rxd8 Rxd8 24. h3 g5 25. Bd2 Bf2 26. Re4 Bxg3 27. Rb4 b6 28. Ra4 Rd7 29. Re4 f5 30. exf6+ Kxf6 31. Be1 Rd1+ 32. Kc2 Rxe1 33.
Ra4 Bd1+ 34. Kd2 Bxb3 35. axb3 a5 36. Rc4 Re5 0-1

[Event "Live Chess"]
[Site "Chess.com"]
[Date "2024.06.02"]
[Round "-"]
[White "stevochess11"]
[Black "ACM42"]
[Result "0-1"]
[WhiteElo "1707"]
[BlackElo "2201"]
[TimeControl "300"]
[EndTime "5:05:13 PDT"]
[Termination "ACM42 won - game abandoned"]

1. d4 Nf6 2. Nf3 g6 3. Nc3 Bg7 4. e4 O-O 5. Be3 d6 6. Qd2 Bg4 7. Be2 e5 8. h3 Bxf3 9. Bxf3 exd4 10. Bxd4 Re8 11. O-O Nc6 12. Rfe1 Nxd4 13. Qxd4 Nxe4 14.
Qc4 Nxc3 15. bxc3 c6 16. Qb4 Qc7 17. Rxe8+ Rxe8 18. Rb1 Re7 19. c4 Bd4 20. Qd2 Bc5 21. Qh6 Qd8 22. Qg5 Re8 23. Qxd8 Rxd8 24. Rxb7 Re8 25.
Bxc6 Re1+ 26. Kh2 Bxf2 27. Bd5 Rd1 28. Bxf7+ Kg7 29. Bd5+ Kf6 0-1

[Event "Live Chess"]
[Site "Chess.com"]
[Date "2024.06.02"]
[Round "-"]
[White "Grace6363"]
[Black "missedJariChance"]
[Result "0-1"]
[WhiteElo "1142"]
[BlackElo "1360"]
[TimeControl "300"]
[EndTime "5:05:15 PDT"]
[Termination "missedJariChance won by resignation"]

1. d4 d5 2. c4 e6 3. Nf3 Nf6 4. cxd5 Nxd5 5. e4 Bb4+ 6. Bd2 Bxd2+ 7. Qxd2 Nf6 8. Nc3 O-O 9. e5 Nd5 10. Bc4 Nxc3 11. bxc3 b6 12. Ng5 h6 13. Ne4 Bb7 14.
Bd3 Nc6 15. O-O Na5 16. f3 Qe7 17. Ng3 Rad8 18. Nh5 c5 19. Qe3 cxd4 20. cxd4 Qb4 21. Nf6+ Kh8 22. Be4 Bxe4 23. fxe4 Rxd4 24. Nd7 Rxe4 25.
Qg3 Rg4 26. Qh3 Qd4+ 27. Kh1 Rd8 28. Rxf7 Rxd7 29. Rxd7 Qxa1+ 0-1